 Dungeon Crawl Stone Soup version 0.27.1-33-g824d729ab1 (webtiles) character file.

Game seed: 5276197689552449686

184 coolguy420 the Skirmisher (level 5, -3/55 HPs)
             Began as an Ogre Fighter on Dec 6, 2021.
             Slain by Purgy (4 damage)
             ... on level 4 of the Dungeon on Dec 7, 2021.
             The game lasted 00:08:28 (1823 turns).

coolguy420 the Skirmisher (Ogre Fighter)            Turns: 1823, Time: 00:08:28

Health: -3/55      AC:  3    Str: 21    XL:     5   Next: 63%
Magic:  5/5        EV:  8    Int:  9    God:
Gold:   157        SH:  9    Dex:  8    Spells: 4/4 levels left

rFire    . . .     SeeInvis .   a - +0 war axe
rCold    . . .     Faith    .   c - +0 kite shield
rNeg     . . .     Spirit   .   b - +0 robe
rPois    .         Reflect  .   (helmet restricted)
rElec    .         Harm     .   (no cloak)
rCorr    .         Rampage  .   (gloves unavailable)
Will     .....                  (boots unavailable)
Stlth    +.........             (no amulet)
HPRegen  0.18/turn              (no ring)
MPRegen  0.09/turn              (no ring)

@: no status effects
A: large, unfitting armour, tough skin 1
a: no special abilities


You were on level 4 of the Dungeon.
You visited 1 branch of the dungeon, and saw 4 of its levels.

You collected 157 gold pieces.

Inventory:

Hand Weapons
 a - a +0 war axe (weapon)
Armour
 b - a +0 robe (worn)
 c - a +0 kite shield (worn)
 h - a +1 helmet
Scrolls
 e - a scroll of identify {unknown}
 f - a scroll of immolation {unknown}
Potions
 d - a potion of might
 i - a potion of berserk rage {unknown}


   Skills:
 + Level 4.8 Fighting
 + Level 3.3 Axes
 + Level 3.4 Dodging
 + Level 3.9 Shields


You had 4 spell levels left.
You didn't know any spells.
Your spell library contained the following spells:

 Spells                   Type           Power      Damage    Failure   Level
 Corona                   Hex            0%         N/A       75%         1
 Ensorcelled Hibernation  Hex/Ice        0%         N/A       87%         2
 Tukima's Dance           Hex            0%         N/A       98%         3


Dungeon Overview and Level Annotations

Branches:
Dungeon (4/15)
 Temple: D:4-7

Altars:
Yredelemnul
Beogh

Shops:
D:1 (?

Annotations:
D:4 Edmund, Purgy


Innate Abilities, Weirdness & Mutations

You are too large for most types of armour.
You have tough skin. (AC +1)


Message History

You barely miss Purgy. You block Purgy's attack.
Purgy claws you but does no damage. Purgy claws you.
Purgy closely misses you. x2
Purgy barely misses you.
You slash Purgy!
Purgy is moderately wounded.
Edmund grinds his teeth, and then sighs.
Purgy bites you. Purgy claws you. Purgy claws you but does no damage.
Your shield prevents you from hitting Purgy.
Purgy is moderately wounded.
You hit Edmund but do no damage.
Edmund hits you with a +4 flail of protection.
Purgy bites you. Purgy barely misses you. Purgy claws you but does no damage.
Edmund hits you with a +4 flail of protection.
Purgy bites you. You block Purgy's attack. Purgy claws you but does no damage.
You hit Edmund.
Edmund is lightly wounded.
You hit Purgy but do no damage.
Edmund hits you with a +4 flail of protection!
Purgy bites you. Purgy claws you but does no damage. Purgy claws you.
You hit Edmund but do no damage.
Edmund is lightly wounded.
You closely miss Purgy. You block Edmund's attack. Purgy closely misses you.
Purgy claws you but does no damage. You block Purgy's attack.
Edmund barely misses you. Purgy bites you. Purgy claws you.
Purgy closely misses you.
You completely miss Edmund.
Edmund is lightly wounded.
You hit Purgy. You block Edmund's attack. Purgy bites you.
* * * LOW HITPOINT WARNING * * *
Purgy closely misses you. Purgy claws you but does no damage.
You barely miss Edmund.
Edmund is lightly wounded.
You hit Purgy.
Edmund hits you with a +4 flail of protection!
* * * LOW HITPOINT WARNING * * *
You block Purgy's attack. Purgy claws you.
* * * LOW HITPOINT WARNING * * *
Purgy closely misses you. You block Edmund's attack.
It was a potion of magic.
Magic courses through your body. Purgy bites you.
You die...

#.......?.#
##.........##
#.........$.#
#...........#
#...........#
#...........#
#...........#
#.....@@T...#
##............#
#...<.......##
####.......##
#####..## .##
##


You could see Edmund and Purgy.

Vanquished Creatures
  A hound (D:3)
  An orc priest (D:3)
  Jessica (D:3)
  Robin (D:3)
  3 adders
  5 dart slugs
  2 orcs (D:3)
  An endoplasm (D:1)
  A giant cockroach (D:2)
  14 goblins
  4 hobgoblins
  4 jackals (D:2)
  4 ball pythons
  4 bats (D:1)
  2 frilled lizards (D:1)
  4 rats
52 creatures vanquished.

Notes
Turn   | Place    | Note
-------+----------+-------------------------------------------
     0 | D:1      | coolguy420 the Ogre Fighter began the quest for the Orb.
     0 | D:1      | Reached XP level 1. HP: 24/24 MP: 1/1
   144 | D:1      | Reached XP level 2. HP: 27/32 MP: 2/2
   144 | D:1      | Found Joqiq's Magic Scroll Shop.
   168 | D:1      | Found Hinuy's Weapon Boutique.
   592 | D:3      | Noticed Jessica
   596 | D:3      | Killed Jessica
   597 | D:3      | Reached XP level 3. HP: 25/40 MP: 3/3
   755 | D:3      | Reached XP level 4. HP: 49/49 MP: 4/4
  1064 | D:3      | Noticed Robin
  1101 | D:3      | Killed Robin
  1102 | D:3      | Reached XP level 5. HP: 27/55 MP: 5/5
  1313 | D:3      | Found a basalt altar of Yredelemnul.
  1678 | D:2      | Found a faded altar of an unknown god.
  1813 | D:4      | Noticed Edmund
  1813 | D:4      | Noticed Purgy
  1822 | D:4      | HP: 1/55 [Purgy (4)]
  1823 | D:4      | Slain by Purgy

Illustrated notes

Levels and vault maps discovered:
D:1:      dpeg_arrival_subterranean_lakeside_camping, layout_basic,
          serial_shops, shop, shop_coins, shop, shop_statue
D:2:      layout_basic, basic_ecumenical_altar, uniq_crazy_yiuf_cottage,
          uniq_sigmund
D:3:      layout_basic, mainiacjoe_overflow_boulevard, portal_sewer_entry_a,
          grunt_ministairs_8, kennysheep_orc_chapel, uniq_terence, uniq_robin,
          uniq_jessica
D:4:      layout_cave_pods, lemuel_tele_altar, uniq_edmund, uniq_eustachio,
          uniq_natasha, uniq_purgy

Skill      XL: |  1  2  3  4 |
---------------+-------------+-----
Dodging        | 3 |  3.4
Shields        | 3 |  3.9
Axes           | 3 |  3.3
Fighting       | |  4.8

Action                   |  1- 3 |  4- 6 || total
-------------------------+-------+-------++-------
Melee: War axe           |    61 |    91 ||   152
  Use: Potion            |       |     1 ||     1
Armor: Robe              |    39 |    34 ||    73
Dodge: Dodged            |    35 |    52 ||    87
Block: Kite shield       |    52 |    59 ||   111
